 Dungeon Crawl Stone Soup version 0.19-a0-1720-gc855d72 (webtiles) character file.

16583 Vasilisck the Fighter (level 12, 0/147 HPs)
             Began as a Demonspawn Berserker on Sept 29, 2016.
             Was a High Priest of Trog.
             Slain by a 14-headed hydra (4 damage)
             ... on level 2 of the Lair of Beasts.
             The game lasted 00:43:37 (14221 turns).

Vasilisck the Fighter (Demonspawn Berserker)       Turns: 14221, Time: 00:43:38

Health: 0/147      AC: 22    Str: 33    XL:     12   Next: 11%
Magic:  12/12      EV: 13    Int:  8    God:    Trog [*****.]
Gold:   166        SH:  5    Dex: 12    Spells: 0 memorised, 11 levels left

rFire  + . .     SeeInvis .     K - +1 hand axe (curse)
rCold  + . .     Gourm    .     k - +0 plate armour
rNeg   . . .     Faith    .     (no shield)
rPois  .         Spirit   .     g - +2 hat
rElec  .         Dismiss  .     A - +1 cloak
rCorr  .         Reflect  +     L - +2 pair of gloves
MR     ++...     Harm     .     (no boots)
Stlth  ..........               z - +5 amulet of reflection
                                U - ring of protection from fire
                                r - +4 ring of strength

@: mighty, berserking (expiring), very slightly contaminated, regenerating,
hasted, very quick
A: horns 2, talons 2, icy blue scales 3, blurry vision 1, deformed body,
nightstalker 1, powered by death 1
a: Berserk, Trog's Hand, Brothers in Arms, Burn Spellbooks, Renounce Religion


You were on level 2 of the Lair of Beasts.
You worshipped Trog.
Trog was extremely pleased with you.
You were not hungry.

You visited 2 branches of the dungeon, and saw 13 of its levels.
You visited 1 bazaar.
You also visited: Labyrinth and Sewer.

You collected 771 gold pieces.
You spent 605 gold pieces at shops.

Inventory:

Hand Weapons
 a - a +1 hand axe
 m - a +1 hand axe of venom
 x - a +3 long sword of slicing
 J - a +1 war axe
 K - a cursed +1 hand axe (weapon)
 Y - a +4 antimagic broad axe
Armour
 b - a +0 animal skin
 e - a +0 pair of gloves
 g - a +2 hat (worn)
 k - a +0 plate armour (worn)
 t - a fire dragon hide
 y - a +0 cloak
 A - a +1 cloak (worn)
 H - a +1 cloak
 L - a +2 pair of gloves (worn)
Jewellery
 f - an uncursed ring of positive energy
 o - a +1 ring of slaying
 r - a +4 ring of strength (left hand)
 z - a +5 amulet of reflection (around neck)
 D - a +2 ring of evasion
 I - an uncursed amulet of regeneration
 Q - an uncursed ring of stealth
 U - a ring of protection from fire (right hand)
Wands
 h - a wand of iceblast (8/15)
 w - a wand of enslavement (18/24)
 M - a wand of paralysis (5/24)
 O - a wand of slowing (26/48)
 V - a wand of paralysis (12/24)
 W - a wand of teleportation (3/9)
 X - a wand of confusion (30/48)
 Z - a wand of disintegration (16/24)
Scrolls
 p - 4 scrolls of enchant weapon
 s - a scroll of fear
 u - 2 scrolls of blinking
 v - 3 scrolls of teleportation
 C - a scroll of recharging
 E - 3 scrolls of identify
 G - a scroll of magic mapping
 N - a scroll of immolation
 R - a scroll of fog
 T - a scroll of acquirement {unknown}
Potions
 d - a potion of brilliance
 i - 6 potions of curing
 l - 4 potions of might
 n - 3 potions of haste
 q - 2 potions of lignification
 B - a potion of agility {unknown}
Miscellaneous
 P - a sack of spiders
 S - a box of beasts
Comestibles
 c - 12 bread rations
 j - 4 meat rations
 F - 7 fruits


   Skills:
 + Level 10.4 Fighting
 + Level 9.6 Axes
 + Level 9.7 Armour
 + Level 9.3 Dodging


You had 11 spell levels left.
You didn't know any spells.

Dungeon Overview and Level Annotations

Branches:
Dungeon (11/15)            Temple (0/1) D:4            Lair (2/6) D:9
    Orc (0/2) D:11
  Swamp: Lair:2-4    Shoals: Lair:2-4     Snake: Lair:2-4    Spider: Lair:2-4

Altars:
Cheibriados
Dithmenos
Elyvilon
Gozag
Hepliaklqana
Kikubaaqudgha
Sif Muna
Yredelemnul

Shops:
D:4 (


Innate Abilities, Weirdness & Mutations

You have a pair of horns on your head.
You are completely covered in icy blue scales. (AC +4, rC+)
You are slightly more attuned to the shadows.
You regenerate a little health from kills.
You have razor-sharp toenails.
Scrolls take you a little longer to read.
Armour fits poorly on your strangely shaped body.


Message History

The 13-headed hydra misses you. The 13-headed hydra barely misses you.
The 13-headed hydra closely misses you. x2; The 13-headed hydra bites you.
* * * LOW HITPOINT WARNING * * *
The 13-headed hydra bites you but does no damage.
The 13-headed hydra barely misses you.
The 13-headed hydra bites you but does no damage.
The 13-headed hydra misses you.
The 13-headed hydra bites you but does no damage.
You slice one of the 13-headed hydra's heads off!
The 12-headed hydra grows two more!
You slash the 14-headed hydra! You claw the 14-headed hydra!
You headbutt the 14-headed hydra!
The 14-headed hydra is heavily wounded.
You slash the fungus! The 14-headed hydra barely misses you.
The 14-headed hydra bites you!
* * * LOW HITPOINT WARNING * * *
The 14-headed hydra bites you.
* * * LOW HITPOINT WARNING * * *
The 14-headed hydra bites you but does no damage.
You block the 14-headed hydra's attack. The 14-headed hydra bites you.
You die...

.....#...........#
##.#...........P# #............##
###.......#### #...##.##
#...######### #..# #.....#.##..##
##..## ##...........# #....##
#P@.........P# # #...?
#.D.........P# .. #..##
##..........### .#.##..P##
##..........#.#
..[......######...P###P###.##
....#†.....D.......##### ###
.......##.#........P.#.##
...#...#######..........#########
..##...# ##................#.#


You could see a 14-headed hydra.

Vanquished Creatures
  A minotaur (Lab)
  Snorg (D:10)
  Erica (Lair:1)
  2 hill giants
  A gargoyle (D:8)
  2 spiny frogs (Lair:2)
  A polar bear (Lair:2)
  A troll (D:11)
  Prince Ribbit (D:7)
  A two-headed ogre (D:10)
  6 hippogriffs
  2 spriggans
  9 yaks
  A wyvern (D:10)
  A basilisk (D:11)
  2 shadows (Lab)
  A vampire (D:11)
  3 wraiths
  Grum (D:11)
  2 hungry ghosts
  A steam dragon (D:10)
  A water moccasin (D:11)
  Duvessa (D:6)
  2 hell hounds (Lair:1)
  4 porcupines (Lair:1)
  2 orc warriors
  An ice beast (D:6)
  3 sky beasts
  3 black bears
  4 ogres
  A necrophage (D:6)
  5 wolves
  3 phantoms
  8 centaurs
  3 crocodiles
  2 big kobolds (D:9)
  12 bullfrogs
  A wyvern zombie (D:8)
  A scorpion (D:8)
  A water moccasin skeleton (D:11)
  3 troll zombies (D:11)
  Dowan (D:6)
  8 wights
  3 howler monkeys (D:8)
  4 crimson imps
  A bullfrog zombie (D:10)
  A jelly (D:8)
  A quasit (D:10)
  3 hounds
  8 orc wizards
  7 orc priests
  2 centaur skeletons
  Terence (D:2)
  3 iguanas
  7 worker ants
  A killer bee zombie (D:7)
  4 ogre zombies (D:11)
  2 hound zombies
  2 hound skeletons
  2 worker ant zombies
  9 adders
  13 river rats
  2 shadow imps
  3 oozes
  An adder zombie (D:7)
  An adder skeleton (D:10)
  11 worms
  2 dart slugs (D:1)
  5 leopard geckos
  32 orcs
  17 giant cockroaches
  13 goblins
  9 hobgoblins
  10 jackals
  11 kobolds
  7 quokkas
  3 ball pythons
  12 bats
  10 frilled lizards
  A goblin skeleton (D:11)
  4 goblin zombies (D:11)
  2 hobgoblin skeletons (D:11)
  A hobgoblin zombie (D:11)
  2 orc skeletons (D:11)
  9 orc zombies (D:11)
  7 rats
  A fungus (D:9)
361 creatures vanquished.

Vanquished Creatures (collateral kills)
  A hydra (D:11)
  A wasp (D:11)
  2 phantoms (D:11)
  A centaur (D:11)
  An ogre zombie (D:11)
  A goblin zombie (D:11)
  A hobgoblin zombie (D:11)
  An orc skeleton (D:11)
  3 orc zombies (D:11)
12 creatures vanquished.

Vanquished Creatures (others)
  A gargoyle (D:11)
  A centaur (D:11)
  A shadow imp (D:11)
3 creatures vanquished.

Grand Total: 376 creatures vanquished

Notes
Turn   | Place    | Note
-------+----------+-------------------------------------------
     0 | D:1      | Vasilisck the Demonspawn Berserker began the quest for the Orb.
     0 | D:1      | Reached XP level 1. HP: 18/18 MP: 1/1
   251 | D:1      | Gained mutation: You have a pair of small horns on your head. [demonic ancestry]
   251 | D:1      | Reached XP level 2. HP: 16/24 MP: 2/2
   866 | D:1      | Gained mutation: You have a pair of horns on your head. [demonic ancestry]
   866 | D:1      | Reached XP level 3. HP: 27/29 MP: 3/3
   978 | D:2      | Noticed Terence
   986 | D:2      | Reached ** piety under Trog
   987 | D:2      | Killed Terence
  1063 | D:2      | Reached XP level 4. HP: 14/35 MP: 4/4
  1914 | D:3      | Reached skill level 4 in Fighting
  1914 | D:3      | Reached XP level 5. HP: 42/42 MP: 5/5
  2279 | D:3      | Found a glowing drain.
  2284 | D:3      | Reached *** piety under Trog
  2298 | Sewer    | Entered a sewer
  2640 | Sewer    | Reached XP level 6. HP: 49/49 MP: 6/6
  2877 | D:4      | Found Zekytor's Weapon Shoppe.
  3032 | D:4      | Found a staircase to the Ecumenical Temple.
  3162 | D:4      | Found a shadowy altar of Dithmenos.
  3237 | D:4      | Gained mutation: You regenerate a little health from kills. [demonic ancestry]
  3237 | D:4      | Reached XP level 7. HP: 40/55 MP: 7/7
  3241 | D:4      | Reached skill level 5 in Fighting
  3597 | D:4      | Found a basalt altar of Yredelemnul.
  3597 | D:4      | Found a hazy altar of Hepliaklqana.
  3614 | D:4      | Found a white marble altar of Elyvilon.
  3684 | D:5      | Entered Level 5 of the Dungeon
  3733 | D:5      | Found an ancient bone altar of Kikubaaqudgha.
  3834 | D:5      | Reached **** piety under Trog
  4291 | D:6      | Noticed Duvessa
  4291 | D:6      | Noticed Dowan
  4302 | D:6      | Killed Dowan
  4303 | D:6      | Killed Duvessa
  4303 | D:6      | Reached XP level 8. HP: 63/63 MP: 8/8
  4375 | D:6      | Found an opulent altar of Gozag.
  4559 | D:6      | Reached skill level 5 in Axes
  4559 | D:6      | Reached skill level 5 in Armour
  4581 | D:6      | Reached skill level 6 in Fighting
  4581 | D:6      | Reached skill level 5 in Dodging
  5508 | D:7      | Noticed Prince Ribbit
  5526 | D:7      | Killed Prince Ribbit
  5526 | D:7      | Gained mutation: You are partially covered in icy blue scales. (AC +2) [demonic ancestry]
  5526 | D:7      | Reached XP level 9. HP: 53/71 MP: 9/9
  5677 | D:7      | Found a deep blue altar of Sif Muna.
  6309 | D:8      | Reached skill level 7 in Fighting
  6603 | D:8      | Reached ***** piety under Trog
  6697 | D:8      | Noticed a gargoyle
  6711 | D:8      | Killed a gargoyle
  7423 | D:8      | Found a snail-covered altar of Cheibriados.
  7707 | D:9      | Gained mutation: You are mostly covered in icy blue scales. (AC +3) [demonic ancestry]
  7707 | D:9      | Reached XP level 10. HP: 77/80 MP: 10/10
  7755 | D:9      | Reached skill level 8 in Fighting
  7833 | D:9      | Found a staircase to the Lair.
  8393 | D:10     | Entered Level 10 of the Dungeon
  8637 | D:10     | Noticed Snorg
  8649 | D:10     | Killed Snorg
  8915 | D:10     | Gained mutation: You are weak. (Str -2) [mutagenic meat]
  8918 | D:10     | Gained mutation: You have sharp toenails. [mutagenic meat]
  8921 | D:10     | Lost mutation: You are weak. (Str -2) [mutagenic meat]
  8924 | D:10     | Gained mutation: You have razor-sharp toenails. [mutagenic meat]
  8927 | D:10     | Gained mutation: Scrolls take you a little longer to read. [mutagenic meat]
  8930 | D:10     | Gained mutation: Armour fits poorly on your strangely shaped body. [mutagenic meat]
  9217 | D:10     | Noticed a hill giant
  9235 | D:10     | Killed a hill giant
  9235 | D:10     | Reached skill level 9 in Fighting
  9680 | D:10     | Gained mutation: You are slightly more attuned to the shadows. [demonic ancestry]
  9680 | D:10     | Reached XP level 11. HP: 68/89 MP: 11/11
  9823 | D:11     | Noticed Grum
  9834 | D:11     | Killed Grum
 10087 | D:11     | Found a staircase to the Orcish Mines.
 10108 | D:11     | Received a gift from Trog
 10126 | D:11     | Noticed a seven-headed hydra
 10144 | D:11     | Killed an 11-headed hydra
 10357 | D:11     | Found a flickering gateway to a bazaar.
 10366 | Bazaar   | Entered a bazaar
 10367 | Bazaar   | Found Reoroud's Weapon Emporium.
 10740 | Bazaar   | Found Wejiu's Jewellery Shop.
 10746 | Bazaar   | Found Solereis's Antique Weapon Shoppe.
 10750 | Bazaar   | Found Anaycs's Book Emporium.
 10786 | Bazaar   | Bought a +5 amulet of reflection for 275 gold pieces
 10786 | Bazaar   | Bought an uncursed amulet of regeneration for 330 gold pieces
 11110 | D:11     | Noticed a hill giant
 11130 | D:11     | HP: 1/89 [hill giant/giant club (16)]
 11138 | D:11     | Killed a hill giant
 11788 | Lair:1   | Entered Level 1 of the Lair of Beasts
 12021 | Lair:1   | Found a labyrinth entrance.
 12047 | Lab      | Entered a labyrinth
 12660 | Lab      | Noticed a minotaur
 12668 | Lab      | Killed a minotaur
 12670 | Lab      | Identified Sif Muna's Reference Book on the Flying Volcanoes
 12685 | Lair:1   | Reached skill level 10 in Fighting
 13102 | Lair:1   | Noticed Erica
 13114 | Lair:1   | Killed Erica
 13405 | Lair:2   | Gained mutation: You are completely covered in icy blue scales. (AC +4, rC+) [demonic ancestry]
 13405 | Lair:2   | Reached XP level 12. HP: 54/97 MP: 12/12
 14183 | Lair:2   | Noticed a seven-headed hydra
 14221 | Lair:2   | HP: 4/147 [14-headed hydra (6)]
 14221 | Lair:2   | Slain by a 14-headed hydra

Vault maps used:
D:1:      dpeg_arrival_long_road, minmay_cut_off
D:2:      first_bread, grunt_ministairs_10, uniq_terence
D:3:      portal_sewer_entry_b
D:4:      gammafunk_temple_overflow_claw,
          nicolae_dithmenos_through_a_glass_darkly, serial_shops, shop_coins
D:5:      basic_altar
D:6:      grunt_gozag_statues, uniq_duvessa
D:7:      lemuel_blue_sif_altar, the_bakery, uniq_prince_ribbit1
D:8:      lemuel_crystal_altar, kennysheep_another_room
D:9:      dpeg_oklobed_lair
D:10:     minmay_cornered_nines, uniq_snorg
D:11:     zombieorc2_lemuel, serial_shops, freezing_bzr, uniq_grum
Lair:1:   lab_entry_generic, enter_volcano_3, serial_bayou_shore_b,
          lemuel_fruit_tree, uniq_erica
Lair:2:   grunt_forest_stairs_clearing, grunt_megastairs_1
Lab:      labyrinth_hidden_loot, nicolae_lab_diamond
Bazaar:   bazaar_kb_twisted_cavern
Sewer:    sewer_frog_island_01

Skill      XL: |  1  2  3  4  5  6  7  8  9 10 11 |
---------------+----------------------------------+-----
Armour         | 2 3 4 5 6 8 9 |  9.7
Dodging        | 2 3 4 5 6 8 9 |  9.3
Axes           | 3 4 5 7 8 9 |  9.6
Fighting       | 4 5 6 7 9 10 | 10.4

Action                   |  1- 3 |  4- 6 |  7- 9 | 10-12 || total
-------------------------+-------+-------+-------+-------++-------
Melee: Hand axe          |    93 |   211 |   364 |   634 ||  1302
       Headbutt          |     9 |    37 |    79 |   174 ||   299
       Kick              |       |       |       |   190 ||   190
Invok: Berserk           |     1 |     3 |     2 |    10 ||    16
       Trog's Hand       |       |       |     1 |     1 ||     2
       Brothers in Arms  |       |       |       |     2 ||     2
  Use: Scroll            |       |     8 |     4 |     7 ||    19
       Potion            |       |       |       |    10 ||    10
  Eat: Chunk             |     1 |     5 |    13 |    25 ||    44
       Royal jelly       |       |     2 |       |     1 ||     3
       Beef jerky        |       |     1 |     2 |       ||     3
       Fruit             |       |       |     2 |     5 ||     7
       Pizza             |       |       |       |     1 ||     1
       Meat ration       |       |       |       |     2 ||     2
Armor: Animal skin       |     8 |       |       |       ||     8
       Plate armour      |    35 |   172 |   215 |   479 ||   901
Dodge: Dodged            |    49 |    63 |   120 |   426 ||   658
Block: Other             |       |       |       |    70 ||    70
